 Dungeon Crawl Stone Soup version 0.30-a0-718-geaa24f58ff (webtiles) character file.

Game seed: 12718254056459886814

14 MackTheKnife the Charlatan (level 2, 0/16 HPs)
             Began as a Deep Elf Wanderer on Jan 26, 2023.
             Frozen to death by an endoplasm (5 damage)
             ... on level 1 of the Dungeon.
             The game lasted 00:01:02 (509 turns).

MackTheKnife the Charlatan (Deep Elf Wanderer)       Turns: 509, Time: 00:01:02

Health: 0/16       AC:  3    Str:  8    XL:     2   Next: 31%
Magic:  4/4        EV: 12    Int: 12    God:
Gold:   21         SH:  0    Dex: 19    Spells: 1/1 levels left

rFire   . . .      SeeInvis .    a - +0 sling
rCold   . . .      Faith    .    (no shield)
rNeg    . . .      Spirit   .    e - +0 robe
rPois   .          Reflect  .    (no helmet)
rElec   .          Harm     .    (no cloak)
rCorr   .          Rampage  .    c - +0 pair of gloves
Will    .....                    (no boots)
Stlth   ++                       (no amulet)
HPRegen 0.22/turn                (no ring)
MPRegen 0.09/turn                (no ring)

@: no status effects
A: no striking features
a: no special abilities


You were on level 1 of the Dungeon.
You visited 1 branch of the dungeon, and saw 1 of its levels.

You collected 21 gold pieces.


   Skills:
 - Level 1.0 Fighting
 + Level 4.1 Ranged Weapons
 - Level 1.0 Armour
 - Level 1.2 Dodging
 - Level 5.4 Evocations


You had one spell level left.
You didn't know any spells.
Your spell library contained the following spells:

 Spells                   Type           Power      Damage    Failure   Level
 Call Canine Familiar     Summ           0%         N/A       69%         3
 Dazzling Flash           Conj/Hex       0%         N/A       69%         3
 Portal Projectile        Hex/Tloc       0%         N/A       69%         3
 Iskenderun's Mystic Bla  Conj/Tloc      0%         2d3       97%         4
 Leda's Liquefaction      Hex/Erth       0%         N/A       97%         4
 Starburst                Conj/Fire      0%         6d3       100%        6

Inventory:

Hand Weapons
 a - a +0 sling (weapon)
Missiles
 f - 5 atropa-tipped darts {throwing}
Armour
 c - a +0 pair of gloves (worn)
 e - a +0 robe (worn)
Scrolls
 d - 2 scrolls of vulnerability {!r!r}
Potions
 g - a potion of invisibility {unknown}
 h - a potion of resistance {unknown}
 i - a potion of curing {unknown}
 j - a potion of heal wounds {unknown}
Miscellaneous
 b - a tin of tremorstones (2/2) (quivered) {throwing}

Dungeon Overview and Level Annotations

Branches:
Dungeon (1/15) Zot: 5479

Altars:

Shops:
D:1

= ##...### ...######
###...# ........###
###.#.# .......?#
....#.#### .......#
#####....# #.....#
####.# #.....# #.#
#....?#
#####.########JK...#
#........##..@######
#........##...###
#...............#
#.........#####.#
####......#.....#
#...##.....# #
#...##.†##.#
#...##....># #...
#####.#


You could see an endoplasm and a kobold.


Message History

The sling bullet hits the giant cockroach.
You kill the giant cockroach!
Your Ranged Weapons skill increases to level 4!
No target in view! 😕 HP[-1]
You take 1 damage, and now have 15/16 hp.
No target in view!
No target in view!
No target in view!
No target in view!
Found a stone staircase leading down.
You see here a giant cockroach corpse. 😎 HP[+1]
Your hp is fully restored (16).
Okay, then.
A rat comes into view.
A rat is nearby!
A rat is nearby!
You shoot a sling bullet. The sling bullet hits the rat.
You kill the rat!
No target in view!
No target in view!
No target in view!
No target in view!
A kobold comes into view. It is wielding a +0 club.
The kobold shouts!
A kobold is nearby!
You shoot a sling bullet.
The sling bullet completely misses the kobold.
A bat comes into view.
You shoot a sling bullet.
The sling bullet closely misses the bat.
The bat misses you.
An endoplasm comes into view.
You shoot a sling bullet.
The sling bullet closely misses the bat.
The sling bullet closely misses the kobold.
The bat hits you but does no damage.
You shoot a sling bullet.
The sling bullet closely misses the bat.
The bat misses you.
You shoot a sling bullet.
The sling bullet hits the kobold but does no damage.
The bat hits you but does no damage. The kobold hits you with a +0 club.
You shoot a sling bullet. The sling bullet misses the kobold.
The sling bullet hits the endoplasm but does no damage.
The bat hits you. The kobold hits you with a +0 club.
The kobold hits you but does no damage.
You are too injured to fight recklessly!
You are too injured to fight recklessly!
You are too injured to fight recklessly! 😮 HP[-6]
You take 6 damage, and now have 10/16 hp.
MASSIVE DAMAGE!! (PAUSE)
The bat barely misses you.
You shoot a sling bullet. The sling bullet barely misses the bat.
The bat closely misses you. The kobold closely misses you. 😮 HP[+1]
The bat hits you but does no damage. The kobold closely misses you.
The endoplasm attacks as you move away!
The endoplasm hits you but does no damage.
The bat hits you. 😮 HP[-1]
You take 1 damage, and now have 10/16 hp.
You are too injured to fight recklessly!
You are too injured to fight recklessly!
You are too injured to fight recklessly!
You are too injured to fight recklessly!
Fire: a) +0 sling
Press: ? - help, Shift-Dir - straight line, f/p - bat
Aim: a bat (46% to hit)
You shoot a sling bullet. The sling bullet hits the bat.
You kill the bat!
Fire: a) +0 sling
Press: ? - help, Shift-Dir - straight line, f - endoplasm
Aim: an endoplasm (86% to hit)
You shoot a sling bullet.
The sling bullet hits the endoplasm but does no damage.
The endoplasm freezes you.
You are frozen.
* * * LOW HITPOINT WARNING * * *
Fire: a) +0 sling
Press: ? - help, Shift-Dir - straight line, f/p - endoplasm
Aim: an endoplasm (86% to hit)
You shoot a sling bullet. The sling bullet hits the endoplasm.
The endoplasm freezes you.
You are frozen.
* * * LOW HITPOINT WARNING * * *
😨 HP[-5]
You take 5 damage, and now have 5/16 hp.
MASSIVE DAMAGE!! (PAUSE) Unknown command.
Fire: a) +0 sling
Press: ? - help, Shift-Dir - straight line, f/p - endoplasm
Aim: an endoplasm (lightly wounded, 86% to hit)
You shoot a sling bullet.
The sling bullet hits the endoplasm but does no damage.
The endoplasm freezes you.
You are frozen.
You die...

Skill      XL: |  1  2 |
---------------+-------+-----
Ranged Weapons | 3 4 |  4.1
Fighting       | |  1.0
Armour         | |  1.0
Dodging        | |  1.2
Evocations     | |  5.4

Action                     || total
---------------------------++-------
   Fire: Sling             ||    44
 Armour: Robe              ||     8
  Dodge: Dodged            ||    15

Levels and vault maps discovered:
D:1:      minmay_arrival_split_and_join, layout_basic, serial_shops, shop,
          minivault_24

Notes
Turn   | Place    | Note
-------+----------+-------------------------------------------
     0 | D:1      | MackTheKnife the Deep Elf Wanderer began the quest for the
                  | Orb.
     0 | D:1      | MackTheKnife set off with the following items: a +0 sling,
                  | a tin of tremorstones (2/2) {throwing}, a +0 pair of
                  | gloves, a scroll of vulnerability {!r!r}, a +0 robe.
     0 | D:1      | Reached XP level 1. HP: 12/12 MP: 3/3
     0 | D:1      | magus.rc [v1.9.6]
     6 | D:1      | magus.rc [v1.9.6]
    97 | D:1      | Reached skill level 3 in Ranged Weapons
   101 | D:1      | You pick up a book of the Hunter and begin reading...
   101 | D:1      | You add the spells Call Canine Familiar, Portal Projectile
                  | and Leda's Liquefaction to your library.
   215 | D:1      | Reached XP level 2. HP: 16/16 MP: 4/4
   237 | D:1      | Found Leneixt's Jewellery Shop.
   285 | D:1      | You pick up a book of Spectacle and begin reading...
   285 | D:1      | You add the spells Dazzling Flash, Iskenderun's Mystic
                  | Blast and Starburst to your library.
   481 | D:1      | Reached skill level 4 in Ranged Weapons
   509 | D:1      | Frozen to death by an endoplasm

Vanquished Creatures
  A ball python (D:1)
  2 endoplasms (D:1)
  A giant cockroach (D:1)
  A hobgoblin (D:1)
  A kobold (D:1)
  A quokka (D:1)
  2 bats (D:1)
  2 frilled lizards (D:1)
  3 rats (D:1)
14 creatures vanquished.

Table legend:
 A = Non-vault XP
 B = Vault XP
 C = Vault XP percentage of total XP
 D = Non-vault monster count
 E = Vault monster count
 F = Vault count percentage of total count
                 A         B        C        D         E       F
            +---------+---------+-------+---------+---------+-------
      Total |      21 |       0 |   0.0 |      14 |       0 |   0.0
            +---------+---------+-------+---------+---------+-------
        D:1 |      21 |       0 |   0.0 |      14 |       0 |   0.0
            +---------+---------+-------+---------+---------+-------

Illustrated notes

Table legend:
 A = Kills in this place as a percentage of kills in entire the game.
 B = Kills by you in this place as a percentage of kills by you in the entire game.
 C = Kills by friends in this place as a percentage of kills by friends in the entire game.
 D = Other kills in this place as a percentage of other kills in the entire game.
 E = Experience gained in this place as a percentage of experience gained in the entire game.
 F = Experience gained in this place divided by the number of levels of this place that you have seen.
                   A       B       C       D       E      F
               +-------+-------+-------+-------+-------+----------------------
         Total | 100.0 | 100.0 |   N/A |   N/A | 100.0 |  21.0
       Dungeon | 100.0 | 100.0 |   N/A |   N/A | 100.0 |  21.0
               +-------+-------+-------+-------+-------+----------------------

Table legend: (Time is in decaauts)
 A = Elapsed time spent in this place.
 B = Non-inter-level travel time spent in this place.
 C = Inter-level travel time spent in this place.
 D = Time resting spent in this place.
 E = Time spent auto-exploring this place.
 F = Levels seen in this place.
 G = Mean time per level.
                   A        B        C        D        E       F      G
               +--------+--------+--------+--------+--------+-----+--------+
         Total |    518 |    518 |      0 |      0 |    441 |   1 |  518.0 |
       Dungeon |    518 |    518 |      0 |      0 |    441 |   1 |  518.0 |
               +--------+--------+--------+--------+--------+-----+--------+

Top non-repeatable levels by time:
     D:1: 518 daAuts
